[Event "7. Arber-Senioren-Cup 2019"]
[Site "Bodenmais"]
[Date "2019.07.29"]
[Round "3.2"]
[White "Lorenc, Tomas"]
[Black "Hilbig, Dieter"]
[Result "1-0"]
[ECO "A38"]
[WhiteElo "2158"]
[BlackElo "1943"]
[Annotator "NA"]
[PlyCount "37"]
[EventDate "2019.07.27"]
[EventType "swiss"]
[EventCountry "GER"]
[SourceTitle "playchess.com"]
[Source "ChessBase"]
[SourceQuality "1"]
[TimeControl "5400+30"]

1. c4 c5 2. g3 Nc6 3. Bg2 Nf6 4. Nc3 g6 5. Nf3 Bg7 6. O-O O-O 7. d3 a6 8. Be3 b6 9. Rb1 Bb7 10. a3 d5 11. cxd5 Nxd5 12. Nxd5 Qxd5 13. b4 Na7 14. bxc5 Nb5 15. Qd2 bxc5 16. Nh4 Qd7 17. Bxb7 Qxb7 18. a4 Rfc8 19. Rfc1 1-0

[Event "7. Arber-Senioren-Cup 2019"]
[Site "Bodenmais"]
[Date "2019.07.29"]
[Round "3.3"]
[White "Kuempers, Ulrich"]
[Black "Koehler, Gerhard"]
[Result "1-0"]
[ECO "A53"]
[WhiteElo "2030"]
[BlackElo "2197"]
[Annotator "NA"]
[PlyCount "66"]
[EventDate "2019.07.27"]
[EventType "swiss"]
[EventCountry "GER"]
[SourceTitle "playchess.com"]
[Source "ChessBase"]
[SourceQuality "1"]
[TimeControl "5400+30"]

1. d4 Nf6 2. c4 d6 3. Nc3 Nbd7 4. e4 e5 5. d5 Nc5 6. Bd3 {[%emt 0:00:00] A53: Old Indian Defence without Nf3} a5 7. Bc2 Be7 8. h3 O-O 9. Be3 Nfd7 10. Nf3 Bf6 $146 ({Predecessor:} 10... Re8 11. O-O Rb8 12. a3 Bf8 13. Qe2 c6 14. b4 {1-0 (28) Anastasian,A (2545)-Alfonsi,J (2100) Bastia 1999}) 11. b3 g6 12. a3 Bg7 13. b4 axb4 14. axb4 Rxa1 15. Qxa1 Na6 16. Qb1 Nf6 17. g4 c5 18. bxc5 Qa5 19. Qb2 Nxc5 20. O-O h5 21. g5 Nh7 22. Kg2 f6 23. h4 Qd8 24. Qc1 Qd7 25. Nh2 Qh3+ 26. Kh1 Qxh4 27. gxf6 Rxf6 28. f3 g5 29. Nb5 $2 (29. Bf2 $17 {is more resistant.} Qh3 30. Ne2) 29... Bf8 30. f4 gxf4 31. Rg1+ $19 (31. Bf2 Qh3 32. Rg1+ Kf7 33. Qf1) 31... Bg4 32. Bd2 Kh8 33. Qf1 f3 1-0

[Event "7. Arber-Senioren-Cup 2019"]
[Site "Bodenmais"]
[Date "2019.07.29"]
[Round "3.4"]
[White "Glaessl, Matthias"]
[Black "Berger, Siegfried"]
[Result "1-0"]
[ECO "C42"]
[WhiteElo "2148"]
[BlackElo "1548"]
[Annotator "NA"]
[PlyCount "69"]
[EventDate "2019.07.27"]
[EventType "swiss"]
[EventCountry "GER"]
[SourceTitle "playchess.com"]
[Source "ChessBase"]
[SourceQuality "1"]
[TimeControl "5400+30"]

1. e4 e5 2. Nf3 Nf6 3. Nxe5 d6 4. Nf3 Nxe4 5. Nc3 Nxc3 6. dxc3 Be7 7. Bd3 O-O 8. O-O Nc6 9. h3 Re8 10. Bf4 Bf6 11. Re1 a6 12. Qd2 Ne5 13. Nxe5 dxe5 14. Bxe5 Be6 15. Qf4 Bxe5 16. Rxe5 Qd6 17. Qd4 Rad8 18. Qxd6 Rxd6 19. Rae1 g6 20. f4 f5 21. g4 Kf8 22. gxf5 Bf7 23. fxg6 hxg6 24. Rxe8+ Bxe8 25. Kf2 Bc6 26. Re5 Rf6 27. Kg3 Bd7 28. h4 Be8 29. f5 b5 30. Kg4 Bf7 31. fxg6 Bxg6 32. h5 Bxd3 33. cxd3 Rf2 34. Rf5+ Rxf5 35. Kxf5 1-0

[Event "7. Arber-Senioren-Cup 2019"]
[Site "Bodenmais"]
[Date "2019.07.29"]
[Round "3.5"]
[White "Fleuch, Hans-Juergen"]
[Black "Herbold, Manfred"]
[Result "0-1"]
[ECO "C40"]
[WhiteElo "1951"]
[BlackElo "2081"]
[Annotator "NA"]
[PlyCount "94"]
[EventDate "2019.07.27"]
[EventType "swiss"]
[EventCountry "GER"]
[SourceTitle "playchess.com"]
[Source "ChessBase"]
[SourceQuality "1"]
[TimeControl "5400+30"]

1. e4 e5 2. Nf3 d5 3. Nc3 d4 4. Nb1 Bd6 5. d3 Ne7 6. Nbd2 f6 7. c4 a5 8. Be2 Be6 9. Nh4 Qd7 10. g3 Nbc6 11. Nf1 Bb4+ 12. Bd2 O-O 13. Bxb4 axb4 14. Nd2 Ra7 15. a4 bxa3 16. Rxa3 Rxa3 17. bxa3 Ra8 18. Nb1 Na5 19. O-O b5 20. cxb5 Qxb5 21. f4 exf4 22. gxf4 c5 23. Nf3 Nb3 24. Nfd2 Nc6 25. Nxb3 Bxb3 26. Qc1 Na5 27. Nd2 Be6 28. Qc2 Rc8 29. Rb1 Qc6 30. Rc1 Qc7 31. f5 Bf7 32. Qa4 Be8 33. Qc2 Qf4 34. Nc4 Nxc4 35. Qxc4+ Bf7 36. Qc2 Qe3+ 37. Kf1 g6 38. fxg6 hxg6 39. Rb1 f5 40. Qc1 Qh3+ 41. Kg1 fxe4 42. dxe4 d3 43. Bf1 Qg4+ 44. Bg2 c4 45. Qc3 Rd8 46. Qf6 Qd7 47. e5 d2 0-1

[Event "7. Arber-Senioren-Cup 2019"]
[Site "Bodenmais"]
[Date "2019.07.29"]
[Round "3.6"]
[White "Pirrot, Dieter"]
[Black "Schwalb, Manfred"]
[Result "1-0"]
[ECO "E73"]
[WhiteElo "2315"]
[BlackElo "1965"]
[Annotator "NA"]
[PlyCount "81"]
[EventDate "2019.07.27"]
[EventType "swiss"]
[EventCountry "GER"]
[SourceTitle "playchess.com"]
[Source "ChessBase"]
[SourceQuality "1"]
[TimeControl "5400+30"]

1. d4 Nf6 2. c4 g6 3. Nc3 Bg7 4. e4 d6 5. Be2 O-O 6. Be3 Nbd7 7. g4 e5 8. d5 Nc5 {[%emt 0:00:00] E73: King's Indian: Averbakh Variation without 6...c5} 9. f3 a5 (9... h5 10. g5 Nh7 11. h4 f6 12. gxf6 Bxf6 13. Bf2 Be7 14. Kd2 Rf4 15. Qe1 a5 {½-½ (30) L'Ami,E (2634)-Amin,B (2693) Wijk aan Zee 2018}) 10. Qd2 Ne8 11. h4 f5 12. exf5 gxf5 13. g5 e4 $146 ({Predecessor:} 13... Qe7 14. Nh3 Bd7 15. O-O-O Na4 16. Nxa4 Bxa4 {0-1 (51) Bergsson,S (2093)-Lie,E (2473) Kragero 2018}) 14. f4 Bd7 15. h5 h6 16. Nh3 Kh7 17. O-O-O a4 18. Bd4 Nd3+ 19. Bxd3 Bxd4 20. Bc2 Bg7 21. Rdg1 c5 22. Qg2 Bd4 23. gxh6 Qe7 24. a3 Nc7 25. Qg6+ Kh8 26. h7 Bxg1 27. Rxg1 Qf6 28. Qg3 b5 29. cxb5 Nxb5 30. Nxb5 Bxb5 31. h6 Qxh6 32. Qc3+ Qf6 33. Rg8+ Kxh7 34. Qxf6 Rxf6 35. Rxa8 Rh6 36. Ng5+ Kg7 37. Ra7+ Kf6 38. Bxa4 Bd3 $18 (38... Bxa4 $142 39. Rxa4 Rh1+ 40. Kc2 Rf1) 39. Rd7 Rh4 40. Rxd6+ Kg7 41. Ne6+ 1-0

[Event "7. Arber-Senioren-Cup 2019"]
[Site "Bodenmais"]
[Date "2019.07.29"]
[Round "3.7"]
[White "Steinbach, Peter"]
[Black "Pribyl, Josef"]
[Result "0-1"]
[ECO "B09"]
[WhiteElo "1958"]
[BlackElo "2234"]
[Annotator "NA"]
[PlyCount "38"]
[EventDate "2019.07.27"]
[EventType "swiss"]
[EventCountry "GER"]
[SourceTitle "playchess.com"]
[Source "ChessBase"]
[SourceQuality "1"]
[TimeControl "5400+30"]

1. e4 d6 2. d4 Nf6 3. Nc3 g6 4. f4 Bg7 5. Nf3 O-O 6. Bd3 Na6 7. O-O c5 8. d5 Nc7 9. a4 e6 10. Bc4 exd5 11. exd5 Re8 12. h3 b6 13. Re1 a6 14. Be3 Bd7 15. Qd3 Qb8 16. Bf2 Qb7 17. Ng5 b5 18. axb5 axb5 19. Rxa8 Rxa8 0-1

[Event "7. Arber-Senioren-Cup 2019"]
[Site "Bodenmais"]
[Date "2019.07.29"]
[Round "3.8"]
[White "Riedl, Maximilian"]
[Black "Korte, Markus"]
[Result "1-0"]
[ECO "D25"]
[WhiteElo "1905"]
[BlackElo "2028"]
[Annotator "NA"]
[PlyCount "169"]
[EventDate "2019.07.27"]
[EventType "swiss"]
[EventCountry "GER"]
[SourceTitle "playchess.com"]
[Source "ChessBase"]
[SourceQuality "1"]
[TimeControl "5400+30"]

1. Nf3 d5 2. d4 Nf6 3. e3 Bg4 4. c4 dxc4 5. Bxc4 e6 6. Nbd2 Nbd7 7. Qb3 Nb6 8. Ne5 Nxc4 9. Nxg4 Nxg4 10. Nxc4 Qd5 11. f3 b5 12. Na5 Qxb3 13. Nxb3 Bb4+ 14. Ke2 Nf6 15. e4 h6 16. Be3 O-O 17. a3 Be7 18. g4 a5 19. Rac1 Rfc8 20. Rc6 a4 21. Nd2 b4 22. axb4 Bxb4 23. Nc4 Nd7 24. Na3 Rab8 25. Nc4 Rb7 26. Ra6 Nb6 27. Rc1 Nxc4 28. Rxc4 Be7 29. Bc1 Rcb8 30. Raxa4 Bg5 31. f4 Rxb2+ 32. Bxb2 Rxb2+ 33. Kd3 Bxf4 34. Rc2 Rb3+ 35. Kc4 Re3 36. e5 f6 37. exf6 gxf6 38. Raa2 Kf7 39. Re2 Rh3 40. Rac2 Ra3 41. Rc3 Ra4+ 42. Kd3 Bd6 43. Rg2 Ra1 44. Ke2 Ra2+ 45. Kf3 Ra4 46. Rd3 Rc4 47. h3 Kg6 48. Re2 e5 49. dxe5 fxe5 50. Re4 Rc1 51. Re2 Rf1+ 52. Ke4 Kg5 53. Rf3 Ra1 54. Rf5+ Kg6 55. Rh5 Rd1 56. Rc2 Rd4+ 57. Ke3 Ra4 58. Rc6 Kg7 59. Rc3 Rb4 60. Rf5 Rb1 61. Ke4 Re1+ 62. Kd5 e4 63. Ke6 e3 64. Rf3 e2 65. Rf7+ Kg6 66. Rf6+ Kg5 67. Rf5+ Kg6 68. Re3 Rh1 69. Rxe2 Rxh3 70. Re4 Rd3 71. Rh5 Rg3 72. Rd5 Rf3 73. Kd7 Rf7+ 74. Kc6 Rf6 75. Kd7 Kg7 76. Re6 Rf7+ 77. Kc6 Rf4 78. g5 h5 79. g6 Rc4+ 80. Kd7 Rh4 81. Rf5 Kh6 82. Rf7 Rf4 83. Rh7+ Kg5 84. g7 Rf7+ 85. Kc6 1-0

[Event "7. Arber-Senioren-Cup 2019"]
[Site "Bodenmais"]
[Date "2019.07.29"]
[Round "3.9"]
[White "Greul, Hans"]
[Black "Neubauer, Jaroslaus"]
[Result "1/2-1/2"]
[ECO "A46"]
[WhiteElo "2009"]
[BlackElo "2014"]
[Annotator "NA"]
[PlyCount "77"]
[EventDate "2019.07.27"]
[EventType "swiss"]
[EventCountry "GER"]
[SourceTitle "playchess.com"]
[Source "ChessBase"]
[SourceQuality "1"]
[TimeControl "5400+30"]

1. d4 Nf6 2. Nf3 e6 3. e3 b6 4. Be2 Bb7 5. O-O Be7 6. c4 O-O 7. Nc3 d5 8. cxd5 Nxd5 9. Nxd5 exd5 10. b3 Nd7 11. Bb2 Bd6 12. Rc1 Qe7 13. Bb5 a6 14. Bc6 Bxc6 15. Rxc6 a5 16. a4 Nb8 17. Rc2 Na6 18. Bc3 f5 19. Qd3 Qe4 20. Qe2 Rf6 21. g3 Qe7 22. Qb5 Rff8 23. Qxd5+ Kh8 24. Nh4 Qe4 25. Qxe4 fxe4 26. f4 Nb4 27. Bxb4 axb4 28. g4 g6 29. f5 Kg7 30. g5 Ra5 31. f6+ Kf7 32. Rg2 b5 33. axb5 Rxb5 34. Ra1 Rfb8 35. Rg4 Re8 36. Ng2 Rb6 37. Nf4 Rc6 38. Rh4 h5 39. Rb1 1/2-1/2

[Event "7. Arber-Senioren-Cup 2019"]
[Site "Bodenmais"]
[Date "2019.07.29"]
[Round "3.10"]
[White "Godoj, Veit"]
[Black "Pisz, Bretislav"]
[Result "1-0"]
[ECO "A40"]
[WhiteElo "1995"]
[BlackElo "1599"]
[Annotator "NA"]
[PlyCount "65"]
[EventDate "2019.07.27"]
[EventType "swiss"]
[EventCountry "GER"]
[SourceTitle "playchess.com"]
[Source "ChessBase"]
[SourceQuality "1"]
[TimeControl "5400+30"]

1. d4 e6 2. e3 Nf6 3. Bd3 c5 4. c3 d5 5. f4 Nc6 6. Nf3 Ne4 7. O-O f5 8. Nbd2 c4 9. Bc2 b5 10. Nxe4 fxe4 11. Ne5 Nxe5 12. fxe5 Qg5 13. b3 Bd7 14. bxc4 bxc4 15. Rb1 Qd8 16. Ba4 Rc8 17. Rf6 Qe7 18. Qh5+ g6 19. Qg4 Bxa4 20. Rxe6 Bd7 21. Rxe7+ Bxe7 22. e6 Bc6 23. Qf4 Rf8 24. Rb8 Kd8 25. Qe5 Rf5 26. Qh8+ Rf8 27. Rxc8+ Kxc8 28. Qxh7 Kd8 29. Qxg6 Be8 30. Qg3 Kc8 31. Qg7 Kd8 32. Qe5 Bf6 33. Qb8+ 1-0

[Event "7. Arber-Senioren-Cup 2019"]
[Site "Bodenmais"]
[Date "2019.07.29"]
[Round "3.11"]
[White "Latzel, Wolfgang"]
[Black "Kurka, Dieter"]
[Result "1/2-1/2"]
[ECO "B42"]
[WhiteElo "1881"]
[BlackElo "2006"]
[Annotator "NA"]
[PlyCount "111"]
[EventDate "2019.07.27"]
[EventType "swiss"]
[EventCountry "GER"]
[SourceTitle "playchess.com"]
[Source "ChessBase"]
[SourceQuality "1"]
[TimeControl "5400+30"]

1. e4 c5 2. Nf3 e6 3. d4 cxd4 4. Nxd4 a6 5. Bd3 Qc7 6. O-O Nf6 7. Qe2 d6 8. c4 Be7 9. Nc3 Nbd7 10. f4 O-O 11. Kh1 b6 12. Bd2 Bb7 13. Rae1 Rad8 14. Nf3 Rfe8 15. e5 Ng4 16. h3 Nh6 17. Be4 Nc5 18. Bxb7 Qxb7 19. Kh2 dxe5 20. fxe5 Nf5 21. Bg5 h6 22. Bxe7 Qxe7 23. Rd1 a5 24. Rxd8 Rxd8 25. Rd1 Rd7 26. a3 a4 27. Rxd7 Qxd7 28. Ne4 Qd3 29. Qxd3 Nxd3 30. Nfd2 Ne3 31. Kg3 Nxe5 32. c5 Nf5+ 33. Kh2 b5 34. b4 axb3 35. Nxb3 Nc6 36. Nc3 b4 37. axb4 Nxb4 38. g4 Ne7 39. Kg3 Kf8 40. Kf3 Ke8 41. Ke4 Nec6 42. Nb5 g6 43. N5d4 Ke7 44. Nf3 f5+ 45. gxf5 gxf5+ 46. Ke3 Kf6 47. Nbd4 e5 48. Nxc6 Nxc6 49. Nh4 Ne7 50. Ng2 e4 51. Kd4 Ke6 52. Nf4+ Kd7 53. Ke5 Kc6 54. Ke6 Nc8 55. Kxf5 Kxc5 56. Kxe4 1/2-1/2

[Event "7. Arber-Senioren-Cup 2019"]
[Site "Bodenmais"]
[Date "2019.07.29"]
[Round "3.12"]
[White "Puehn, Georg"]
[Black "Supplieth, Peter"]
[Result "1-0"]
[ECO "B02"]
[WhiteElo "1990"]
[BlackElo "1880"]
[Annotator "NA"]
[PlyCount "41"]
[EventDate "2019.07.27"]
[EventType "swiss"]
[EventCountry "GER"]
[SourceTitle "playchess.com"]
[Source "ChessBase"]
[SourceQuality "1"]
[TimeControl "5400+30"]

1. e4 Nf6 2. d3 e5 3. Nf3 Nc6 4. g3 d5 5. Nbd2 dxe4 6. dxe4 Bc5 7. Bg2 Bg4 8. c3 Qd3 9. Qa4 O-O-O 10. Bf1 Qd6 11. Be2 a6 12. b4 Nxb4 13. cxb4 Bxb4 14. Qc2 Bh3 15. Rb1 Ba5 16. Rb3 Bg2 17. Rg1 Bh3 18. Ba3 Bxd2+ 19. Nxd2 Qd7 20. Nc4 Qd4 21. g4 1-0

[Event "7. Arber-Senioren-Cup 2019"]
[Site "Bodenmais"]
[Date "2019.07.29"]
[Round "3.13"]
[White "Auterhoff, Juergen"]
[Black "Nickl, Klaus"]
[Result "0-1"]
[ECO "C10"]
[WhiteElo "1673"]
[BlackElo "1988"]
[Annotator "NA"]
[PlyCount "115"]
[EventDate "2019.07.27"]
[EventType "swiss"]
[EventCountry "GER"]
[SourceTitle "playchess.com"]
[Source "ChessBase"]
[SourceQuality "1"]
[TimeControl "5400+30"]

1. e4 e6 2. d4 d5 3. Nd2 dxe4 4. Nxe4 Nd7 5. Nf3 Ngf6 6. Nxf6+ Nxf6 7. Bd3 c5 8. dxc5 Bxc5 9. O-O Qc7 10. Qe2 Bd6 11. Bb5+ Bd7 12. Bxd7+ Qxd7 13. h3 O-O 14. Be3 Nd5 15. Bd4 Qc7 16. Be5 Bxe5 17. Nxe5 f6 18. Nf3 e5 19. Qe4 Rad8 20. Rad1 Nf4 21. c3 b5 22. a4 bxa4 23. Qxa4 Qb7 24. Kh2 Qxb2 25. Rxd8 Rxd8 26. Rd1 Rc8 27. Qxa7 Qxc3 28. Qe7 Ng6 29. Rd8+ Rxd8 30. Qxd8+ Nf8 31. Qd5+ Kh8 32. Qf7 Qc8 33. Nh4 Ne6 34. Nf5 Qg8 35. Qe7 h6 36. Nd6 Nf4 37. Nf7+ Kh7 38. Qd7 Qa8 39. Qf5+ Kg8 40. Nxh6+ gxh6 41. f3 Qa2 42. Qc8+ Kg7 43. Qg4+ Kh8 44. Qc8+ Qg8 45. Qc2 Qxg2+ 46. Qxg2 Nxg2 47. Kxg2 f5 48. Kf2 Kg7 49. Kg3 Kf6 50. h4 Kg6 51. Kh3 Kh5 52. Kg3 e4 53. fxe4 fxe4 54. Kf4 Kxh4 55. Kxe4 Kg3 56. Ke3 h5 57. Ke2 Kg2 58. Ke1 0-1

[Event "7. Arber-Senioren-Cup 2019"]
[Site "Bodenmais"]
[Date "2019.07.29"]
[Round "3.15"]
[White "Augustin, Christian"]
[Black "Bauer, Werner"]
[Result "1-0"]
[ECO "A01"]
[WhiteElo "1971"]
[BlackElo "1881"]
[Annotator "NA"]
[PlyCount "71"]
[EventDate "2019.07.27"]
[EventType "swiss"]
[EventCountry "GER"]
[SourceTitle "playchess.com"]
[Source "ChessBase"]
[SourceQuality "1"]
[TimeControl "5400+30"]

1. b3 e5 2. Bb2 Nc6 3. e3 d5 4. d3 Nf6 5. Ne2 Bg4 6. Nd2 Bc5 7. h3 Bh5 8. g3 d4 9. e4 Qe7 10. a3 a5 11. Bg2 b5 12. O-O O-O 13. g4 Bg6 14. Ng3 Rad8 15. Nf3 h6 16. Bc1 Nd7 17. Kh1 Nb6 18. g5 hxg5 19. Bxg5 f6 20. Nh4 Bh7 21. Nhf5 Bxf5 22. Nxf5 Qd7 23. Bd2 Ne7 24. Qg4 Nxf5 25. exf5 a4 26. b4 Be7 27. Bh6 Rf7 28. Rg1 Bf8 29. Bf3 Kh8 30. Bd2 Nd5 31. Qg6 Nf4 32. Bxf4 exf4 33. Rg4 Re7 34. Rh4+ Kg8 35. Qh7+ Kf7 36. Bh5# {[%emt 0:00:12] Ra8} 1-0

[Event "7. Arber-Senioren-Cup 2019"]
[Site "Bodenmais"]
[Date "2019.07.29"]
[Round "3.16"]
[White "Klimpel, Siegfried"]
[Black "Benischek, Wolfgang"]
[Result "1/2-1/2"]
[ECO "B00"]
[WhiteElo "1843"]
[BlackElo "2022"]
[Annotator "NA"]
[PlyCount "46"]
[EventDate "2019.07.27"]
[EventType "swiss"]
[EventCountry "GER"]
[SourceTitle "playchess.com"]
[Source "ChessBase"]
[SourceQuality "1"]
[TimeControl "5400+30"]

1. e4 d6 2. Bc4 e5 3. Qe2 Nf6 4. Nf3 Bg4 5. h3 Bh5 6. d3 Be7 7. Be3 O-O 8. Nbd2 c6 9. g4 Bg6 10. Bb3 a5 11. c3 a4 12. Bc2 a3 13. b3 Qa5 14. b4 Qc7 15. Nh4 d5 16. Nf5 Rd8 17. Nxe7+ Qxe7 18. Nb3 dxe4 19. Bc5 Qc7 20. dxe4 b6 21. Be3 Nbd7 22. f3 Nf8 23. h4 h5 1/2-1/2

[Event "7. Arber-Senioren-Cup 2019"]
[Site "Bodenmais"]
[Date "2019.07.29"]
[Round "3.17"]
[White "Limberg, Siegfried"]
[Black "Braeu, Ludwig"]
[Result "1-0"]
[ECO "A46"]
[WhiteElo "1983"]
[BlackElo "1818"]
[Annotator "NA"]
[PlyCount "107"]
[EventDate "2019.07.27"]
[EventType "swiss"]
[EventCountry "GER"]
[SourceTitle "playchess.com"]
[Source "ChessBase"]
[SourceQuality "1"]
[TimeControl "5400+30"]

1. d4 Nf6 2. Nf3 c5 3. e3 d5 4. b3 e6 5. Bb2 Nc6 6. a3 a6 7. Bd3 Be7 8. Nbd2 O-O 9. O-O b6 10. Qe2 Qc7 11. Rac1 Re8 12. Ne5 cxd4 13. exd4 b5 14. f4 Qb6 15. Ndf3 Bb7 16. Kh1 g6 17. Rce1 Rad8 18. c3 Bf8 19. Ng5 Re7 20. g4 Nxe5 21. fxe5 Ne8 22. Qf2 Rdd7 23. Re3 Bh6 24. Qh4 Bxg5 25. Qxg5 f6 26. exf6 Rf7 27. Ref3 Nd6 28. Qf4 Ne4 29. g5 Qd6 30. Qe3 e5 31. Bxe4 dxe4 32. R3f2 Qe6 33. b4 Qb3 34. Re1 Qe6 35. h3 Bd5 36. Kh2 exd4 37. cxd4 Rc7 38. Rc1 Qd6+ 39. Kg1 Rxc1+ 40. Bxc1 Rc7 41. Bb2 Kf7 42. Bc3 Rc4 43. Be1 Rc8 44. Rd2 Qe6 45. Kh2 Qd7 46. Re2 Qf5 47. Rf2 Qe6 48. Qf4 Qd7 49. Qh4 Qc7+ 50. Kg1 Rh8 51. Re2 Qc6 52. Qh6 Qe8 53. Qg7+ Ke6 54. f7 1-0

[Event "7. Arber-Senioren-Cup 2019"]
[Site "Bodenmais"]
[Date "2019.07.29"]
[Round "3.18"]
[White "Peglau, Markus"]
[Black "Steiger, Michael"]
[Result "1/2-1/2"]
[ECO "E67"]
[WhiteElo "1849"]
[BlackElo "2016"]
[Annotator "NA"]
[PlyCount "26"]
[EventDate "2019.07.27"]
[EventType "swiss"]
[EventCountry "GER"]
[SourceTitle "playchess.com"]
[Source "ChessBase"]
[SourceQuality "1"]
[TimeControl "5400+30"]

1. d4 Nf6 2. Nf3 g6 3. c4 Bg7 4. Nc3 O-O 5. g3 d6 6. Bg2 Nbd7 7. O-O e5 8. b3 exd4 9. Nxd4 Nc5 10. Bb2 Re8 11. Re1 c6 12. Qd2 Nfe4 13. Nxe4 Nxe4 1/2-1/2

[Event "7. Arber-Senioren-Cup 2019"]
[Site "Bodenmais"]
[Date "2019.07.29"]
[Round "3.19"]
[White "Zwetz, Anita"]
[Black "Gerl, Hans"]
[Result "1-0"]
[ECO "A46"]
[WhiteElo "1828"]
[BlackElo "1955"]
[Annotator "NA"]
[PlyCount "67"]
[EventDate "2019.07.27"]
[EventType "swiss"]
[EventCountry "GER"]
[SourceTitle "playchess.com"]
[Source "ChessBase"]
[SourceQuality "1"]
[TimeControl "5400+30"]

1. d4 Nf6 2. Bg5 e6 3. Nf3 b6 4. e3 Bb7 5. Nbd2 d5 6. Ne5 Be7 7. Bb5+ c6 8. Bd3 Nbd7 9. f4 O-O 10. Qf3 c5 11. c3 c4 12. Bc2 b5 13. Qh3 g6 14. Qh4 Re8 15. Ndf3 Nxe5 16. fxe5 Nd7 17. O-O Nf8 18. Bf6 h5 19. Ng5 Bxf6 20. Rxf6 Re7 21. Raf1 Qc7 22. Rxf7 Bc6 23. Rxe7 Qxe7 24. Rf7 Qd8 25. Rf6 Qe8 26. g4 a5 27. gxh5 gxh5 28. Qg3 h4 29. Qg4 Ra7 30. Nxe6+ Kh8 31. Rxf8+ Qxf8 32. Nxf8 Rg7 33. Ng6+ Kg8 34. Qe6+ 1-0

[Event "7. Arber-Senioren-Cup 2019"]
[Site "Bodenmais"]
[Date "2019.07.29"]
[Round "3.20"]
[White "Kirschner, Torsten"]
[Black "Halli, Gerhard"]
[Result "1/2-1/2"]
[ECO "D02"]
[WhiteElo "1767"]
[BlackElo "1955"]
[Annotator "NA"]
[PlyCount "36"]
[EventDate "2019.07.27"]
[EventType "swiss"]
[EventCountry "GER"]
[SourceTitle "playchess.com"]
[Source "ChessBase"]
[SourceQuality "1"]
[TimeControl "5400+30"]

1. d4 d5 2. Nf3 Nf6 3. g3 e6 4. Bg2 c5 5. c4 Nc6 6. cxd5 exd5 7. Nc3 Be6 8. O-O cxd4 9. Nb5 Qb6 10. Nbxd4 Bc5 11. Nb3 O-O 12. Nxc5 Qxc5 13. Be3 Qb4 14. b3 h6 15. Rc1 Rfd8 16. Nd4 Nxd4 17. Qxd4 Qxd4 18. Bxd4 Ne8 1/2-1/2

[Event "7. Arber-Senioren-Cup 2019"]
[Site "Bodenmais"]
[Date "2019.07.29"]
[Round "3.21"]
[White "Schmidt, Matthias"]
[Black "Schuster, Herbert"]
[Result "0-1"]
[ECO "E05"]
[WhiteElo "2020"]
[BlackElo "1774"]
[Annotator "NA"]
[PlyCount "126"]
[EventDate "2019.07.27"]
[EventType "swiss"]
[EventCountry "GER"]
[SourceTitle "playchess.com"]
[Source "ChessBase"]
[SourceQuality "1"]
[TimeControl "5400+30"]

1. Nf3 e6 2. d4 Nf6 3. g3 d5 4. Bg2 Be7 5. c4 dxc4 6. Qc2 Nbd7 7. O-O Nb6 8. Nbd2 Bd7 9. Ne5 Rb8 10. Ndxc4 Nxc4 11. Qxc4 O-O 12. Rd1 c6 13. e4 Be8 14. Bf4 Rc8 15. b4 Qb6 16. Rab1 Nd7 17. d5 Nxe5 18. Bxe5 exd5 19. exd5 Bd7 20. d6 Bg5 21. Bd4 Qd8 22. a4 Be6 23. Qc3 Bf6 24. Rd2 Bxd4 25. Qxd4 Qd7 26. a5 a6 27. Rc1 Rcd8 28. Qb6 Rc8 29. h3 g6 30. Kh2 Rb8 31. h4 Kg7 32. Qd4+ f6 33. Rc5 Rbd8 34. h5 Qf7 35. Re2 Rfe8 36. Bf3 Bd7 37. hxg6 hxg6 38. Rcc2 Rxe2 39. Rxe2 Re8 40. Rxe8 Qxe8 41. Qb6 Qb8 42. Kg2 Qc8 43. Kf1 Bh3+ 44. Bg2 Bd7 45. Qe3 Qf8 46. Qd4 Qe8 47. Qb6 Qb8 48. Qc5 Qe8 49. f4 Kf7 50. Kf2 Bg4 51. Bf1 Qe4 52. Bc4+ Kg7 53. d7 Qf3+ 54. Ke1 Qxg3+ 55. Qf2 Qxf2+ 56. Kxf2 Bxd7 57. Ke3 g5 58. Kd4 g4 59. Kc5 g3 60. Bf1 Bf5 61. Kb6 c5 62. bxc5 Be4 63. c6 Bxc6 0-1

[Event "7. Arber-Senioren-Cup 2019"]
[Site "Bodenmais"]
[Date "2019.07.29"]
[Round "3.22"]
[White "Wacker, Manfred"]
[Black "Waltenberger, Udo"]
[Result "0-1"]
[ECO "D85"]
[WhiteElo "1741"]
[BlackElo "1986"]
[Annotator "NA"]
[PlyCount "80"]
[EventDate "2019.07.27"]
[EventType "swiss"]
[EventCountry "GER"]
[SourceTitle "playchess.com"]
[Source "ChessBase"]
[SourceQuality "1"]
[TimeControl "5400+30"]

1. d4 Nf6 2. c4 g6 3. Nc3 d5 4. cxd5 Nxd5 5. e4 Nxc3 6. bxc3 Bg7 7. Nf3 c5 8. Rb1 O-O 9. Be2 b6 10. O-O Bb7 11. e5 cxd4 12. cxd4 Nc6 13. Bb2 Qd5 14. Qb3 Qxb3 15. axb3 Rfd8 16. Rfd1 Nb4 17. Rbc1 Rac8 18. Rxc8 Rxc8 19. Rc1 Rxc1+ 20. Bxc1 e6 21. Bg5 Nc2 22. Bd1 Bxf3 23. Bxc2 Bd5 24. Be7 Bf8 25. Bxf8 Kxf8 26. b4 Bc6 27. Kf1 Ke7 28. g4 h6 29. f4 g5 30. f5 f6 31. Kf2 a5 32. bxa5 bxa5 33. fxe6 fxe5 34. Ke3 Kxe6 35. Bb3+ Bd5 36. Bc2 Kd6 37. dxe5+ Kxe5 38. Ba4 Be6 39. h3 Bd5 40. Bb5 Be4 {[%emt 0:03:45] Kd4+} 0-1

[Event "7. Arber-Senioren-Cup 2019"]
[Site "Bodenmais"]
[Date "2019.07.29"]
[Round "3.23"]
[White "Bock, Ortwin"]
[Black "Meckel, Helmut"]
[Result "0-1"]
[ECO "C12"]
[WhiteElo "1938"]
[BlackElo "1804"]
[Annotator "NA"]
[PlyCount "88"]
[EventDate "2019.07.27"]
[EventType "swiss"]
[EventCountry "GER"]
[SourceTitle "playchess.com"]
[Source "ChessBase"]
[SourceQuality "1"]
[TimeControl "5400+30"]

1. d4 e6 2. e4 d5 3. Nc3 Nf6 4. Bg5 Bb4 5. e5 h6 6. Bd2 Bxc3 7. Bxc3 Ne4 8. Qg4 Qg5 9. Qxg5 hxg5 10. Bd3 Nxc3 11. bxc3 Nd7 12. Nf3 g4 13. Nd2 f6 14. c4 fxe5 15. cxd5 exd5 16. Bg6+ Ke7 17. dxe5 Nxe5 18. Bd3 c5 19. O-O Nxd3 20. cxd3 Bf5 21. d4 c4 22. Rfe1+ Kd6 23. Re5 Bd7 24. f4 gxf3 25. Nxf3 Bg4 26. Rae1 Kc6 27. Re7 Bxf3 28. R1e6+ Kb5 29. Rxb7+ Ka5 30. gxf3 Rh4 31. Rc6 Rxd4 32. Rc5+ Ka4 33. a3 a5 34. Kg2 Kxa3 35. Rcb5 a4 36. Rb1 Rd2+ 37. Kg3 Re8 38. Ra1+ Ra2 39. Rd1 Rd8 40. Rd4 g5 41. h3 Rb2 42. Ra7 Kb3 43. Rd1 a3 44. Ra1 a2 0-1

[Event "7. Arber-Senioren-Cup 2019"]
[Site "Bodenmais"]
[Date "2019.07.29"]
[Round "3.24"]
[White "Mahnke, Ralf"]
[Black "Moser, Andreas"]
[Result "1/2-1/2"]
[ECO "E73"]
[WhiteElo "1925"]
[BlackElo "1693"]
[Annotator "NA"]
[PlyCount "58"]
[EventDate "2019.07.27"]
[EventType "swiss"]
[EventCountry "GER"]
[SourceTitle "playchess.com"]
[Source "ChessBase"]
[SourceQuality "1"]
[TimeControl "5400+30"]

1. d4 Nf6 2. c4 g6 3. Nc3 Bg7 4. e4 d6 5. Be2 O-O 6. Bg5 h6 7. Bf4 c6 8. Nf3 Bg4 9. h3 Bxf3 10. Bxf3 Nbd7 11. O-O e5 12. dxe5 dxe5 13. Be3 Re8 14. Qc2 Qc7 15. Rad1 b6 16. Rd2 Nf8 17. Rfd1 Red8 18. Qa4 Rxd2 19. Rxd2 Ne6 20. b4 Rd8 21. Qd1 Rxd2 22. Qxd2 g5 23. Bd1 Bf8 24. a3 a5 25. bxa5 bxa5 26. a4 Bb4 27. f3 Nd7 28. Qc2 Bc5 29. Bxc5 Qd8 1/2-1/2